 Dungeon Crawl Stone Soup version 0.28-a0-779-g3d1f99b579 (webtiles) character file.

Game seed: 13489771946218835589

58 Impy the Gusty (level 3, -1/21 HPs)
             Began as a Demonspawn Air Elementalist on July 5, 2021.
             Slain by a killer bee zombie (6 damage)
             ... on level 3 of the Dungeon on Nov 2, 2021.
             The game lasted 00:12:51 (2493 turns).

Impy the Gusty (Demonspawn Air Elementalist)        Turns: 2493, Time: 00:12:52

Health: -1/21      AC:  2    Str:  8    XL:     3   Next: 75%
Magic:  1/7        EV: 12    Int: 17    God:
Gold:   27         SH:  0    Dex: 13    Spells: 4/7 levels left

rFire   . . .      SeeInvis .   c - +0 short sword
rCold   . . .      Faith    .   (no shield)
rNeg    . . .      Spirit   .   a - +0 robe
rPois   +          Reflect  .   (no helmet)
rElec   .          Harm     .   (no cloak)
rCorr   .          Rampage  .   (no gloves)
Will    .....                   (no boots)
Stlth   ++........              (no amulet)
HPRegen 0.07/turn               (no ring)
MPRegen 0.10/turn               (no ring)

@: very slightly contaminated, unable to read
A: sturdy frame 1, frail 1, poison resistance, inability to read while
threatened
a: no special abilities


You were on level 3 of the Dungeon.
You visited 1 branch of the dungeon, and saw 3 of its levels.

You collected 27 gold pieces.

Inventory:

Hand Weapons
 c - a +0 short sword (weapon)
Armour
 a - a +0 robe (worn)
 b - the +13 crystal plate armour of Mumblety Peg {Fly rPois Will+}
   (You acquired it on level 1 of the Dungeon)

   rPois:     It protects you from poison.
   Fly:       It grants you flight.
   Will:      It increases your willpower.
Jewellery
 e - a +4 ring of protection
Scrolls
 d - a scroll of identify


   Skills:
 - Level 1.7 Dodging
 - Level 1.7 Stealth
 + Level 2.7 Spellcasting
 + Level 2.2 Conjurations
 + Level 3.3 Air Magic


You had 4 spell levels left.
You knew the following spells:

 Your Spells              Type           Power      Damage    Failure   Level
a - Shock                 Conj/Air       44%        1d5       6%          1
b - Static Discharge      Conj/Air       11%        N/A       9%          2

Your spell library contained the following spells:

 Spells                   Type           Power      Damage    Failure   Level
 Swiftness                Air            13%        N/A       14%         3
 Airstrike                Air            6%         N/A       41%         4
 Inner Flame              Hex/Fire       2%         N/A       47%         3
 Tukima's Dance           Hex            2%         N/A       47%         3
 Cause Fear               Hex            1%         N/A       87%         4
 Passage of Golubria      Tloc           2%         N/A       87%         4
 Yara's Violent Unravell  Hex/Tmut       1%         3d3       99%         5
 Discord                  Hex            1%         N/A       100%        8


Dungeon Overview and Level Annotations

Branches:
Dungeon (3/15)

Altars:


Innate Abilities, Weirdness & Mutations

Your movements are slightly less encumbered by armour. (ER -2)
You are frail. (-10% HP)
Your system is resistant to poisons. (rPois)
You sometimes lose the ability to read scrolls when taking damage.


Message History

Nothing appears to happen.
The killer bee zombie barely misses you.
Casting: Static Discharge (safe; 9% risk of failure)
Confirm with . or Enter, or press ? or * to list all spells.
The killer bee zombie is struck by an arc of lightning.
The killer bee zombie is heavily damaged.
You are struck by an arc of lightning.
You feel threatened and lose the ability to read scrolls!
The lightning grounds out.
The killer bee zombie hits you but does no damage.
The killer bee zombie closely misses you.
You miss the killer bee zombie.
The killer bee zombie is heavily damaged.
The killer bee zombie hits you but does no damage.
The killer bee zombie completely misses you.
You barely miss the killer bee zombie.
The killer bee zombie is heavily damaged.
You can read scrolls again.
The killer bee zombie hits you.
You feel threatened and lose the ability to read scrolls!
The killer bee zombie hits you.
You barely miss the killer bee zombie.
The killer bee zombie is heavily damaged.
The killer bee zombie barely misses you.
The killer bee zombie hits you.
* * * LOW HITPOINT WARNING * * *
You hit the killer bee zombie.
The killer bee zombie is severely damaged.
The killer bee zombie hits you but does no damage.
The killer bee zombie barely misses you.
You aren't carrying any potions.
You closely miss the killer bee zombie.
The killer bee zombie is severely damaged.
The killer bee zombie misses you.
The killer bee zombie closely misses you.
You hit the killer bee zombie.
The killer bee zombie is severely damaged.
The killer bee zombie hits you but does no damage.
The killer bee zombie hits you.
You die...

#. #.. .. #.# .#.#.### .
....# # # #.#.#.# ..
#.##.#...# ... #........#
.... #.Z@..+ .....
#.....#...... #.....'...#
#.....###.## ##+#'####...
#.........#
###########.###.........+
.....<..................#
####..#.#.######........#


You could see a killer bee zombie.

Vanquished Creatures
  An adder (D:2)
  5 bats
  An endoplasm (D:1)
  3 goblins
  6 hobgoblins
  2 jackals (D:1)
  6 kobolds (D:2)
  4 quokkas (D:1)
  6 ball pythons
  5 frilled lizards
  6 rats
45 creatures vanquished.

Vanquished Creatures (others)
  16 plants
  7 withered plants (D:1)
23 creatures vanquished.

Grand Total: 68 creatures vanquished

Notes
Turn   | Place    | Note
-------+----------+-------------------------------------------
     0 | D:1      | Impy the Demonspawn Air Elementalist began the quest for
                  | the Orb.
     0 | D:1      | Reached XP level 1. HP: 13/13 MP: 3/3
   195 | D:1      | Gained mutation: Your movements are slightly less
                  | encumbered by armour. (ER -2) [demonic ancestry]
   195 | D:1      | Reached XP level 2. HP: 19/19 MP: 0/5
   497 | D:1      | Found a faded altar of an unknown god.
   522 | D:1      | Reached skill level 3 in Air Magic
   549 | D:1      | Learned a level 2 spell: Static Discharge
   693 | D:1      | Identified a scroll of acquirement
   693 | D:1      | Acquired the +13 crystal plate armour of Mumblety Peg {Fly
                  | rPois Will+}
   792 | D:1      | Gained mutation: You sometimes lose the ability to read
                  | scrolls when taking damage. [potion of mutation]
   792 | D:1      | Gained mutation: You are frail. (-10% HP) [potion of
                  | mutation]
   792 | D:1      | Gained mutation: Your system is resistant to poisons.
                  | (rPois) [potion of mutation]
  1324 | D:2      | Reached XP level 3. HP: 3/21 MP: 0/6
  2370 | D:2      | Upgraded the game from 0.27-a0-1456-gf5a116941d to
                  | 0.28-a0-779-g3d1f99b579
  2493 | D:3      | Slain by a killer bee zombie

Illustrated notes

Levels and vault maps discovered:
D:1:      evilmike_arrival_rings, layout_loops_ring,
          shapermc_ecumenical_altar_flowoftime, lemuel_old_faithful
D:2:      layout_rooms, lexackson_kobold_supper
D:3:      minmay_recursive_quarters, layout_basic, kennysheep_ying_yang

Skill      XL: |  1  2  3 |
---------------+----------+-----
Air Magic      | 3 |  3.3
Conjurations   | 2 |  2.2
Dodging        | |  1.7
Stealth        | |  1.7
Spellcasting   | |  2.7

Action                   || total
-------------------------++-------
Melee: Short sword       ||    28
       Unarmed           ||     3
 Cast: Shock             ||    67
       Static Discharge  ||     7
  Use: Potion            ||     4
       Scroll            ||     3
 Stab: Sleeping          ||     1
Armor: Robe              ||     8
       Crystal plate arm ||     1
Dodge: Dodged            ||    31

Table legend: (Time is in decaauts)
 A = Elapsed time spent in this place.
 B = Non-inter-level travel time spent in this place.
 C = Inter-level travel time spent in this place.
 D = Time resting spent in this place.
 E = Time spent auto-exploring this place.
 F = Levels seen in this place.
 G = Mean time per level.
                   A        B        C        D        E       F      G
               +--------+--------+--------+--------+--------+-----+--------+
         Total |   2511 |   2407 |    104 |      0 |   2106 |   3 |  837.0 |
       Dungeon |   2511 |   2407 |    104 |      0 |   2106 |   3 |  837.0 |
               +--------+--------+--------+--------+--------+-----+--------+

Top non-repeatable levels by time:
     D:1: 1264 daAuts
     D:2: 1124 daAuts
     D:3: 122 daAuts
